 Dungeon Crawl Stone Soup version 0.31-a0-859-g9dce7d3444 (webtiles) character file.

Game seed: 4330398890774729195

10757 wvc the Geomancer (level 11, -1/63 HPs)
             Began as a Gargoyle Earth Elementalist on Oct 10, 2023.
             Was an Initiate of Vehumet.
             Slain by a hell beast (13 damage)
             ... in a Gauntlet.
             The game lasted 00:35:23 (10468 turns).

wvc the Geomancer (Gargoyle Earth Elementalist)    Turns: 10468, Time: 00:35:24

Health: -1/63      AC: 16    Str: 17    XL:     11   Next: 67%
Magic:  26/34      EV: 11    Int: 21    God:    Vehumet [......]
Gold:   581        SH:  0    Dex: 10    Spells: 22/30 levels left

rFire   + . .        J - +1 dagger (venom)
rCold   . . .        (no shield)
rNeg    + . .        i - +2 robe of Ru's Wrath {Drain Fly rPois MP+9}
rPois   ∞            y - +1 helmet
rElec   +            (no cloak)
rCorr   .            m - +0 pair of gloves
SInv    .            u - +0 pair of boots
Will    .....        k - amulet of regeneration
Stlth   ++           o - +6 ring of strength
HPRegen 1.10/turn    D - ring of protection from fire
MPRegen 0.24/turn

%: no teleportation
@: mighty, brilliant, flying, hasted, very quick
A: sickness immunity, AC +8, negative energy resistance 1, electricity
resistance, torment resistance 1, petrification resistance
a: Renounce Religion


You were in a Gauntlet.
You worshipped Vehumet.
Vehumet was noncommittal.
You visited 3 branches of the dungeon, and saw 12 of its levels.
You also visited: Gauntlet.

You collected 581 gold pieces.

Inventory:

Hand Weapons
 f - a +0 spectral long sword
 l - a +2 dagger of protection
 q - a +0 dagger of pain
 w - a +1 hand axe of electrocution
 J - a +1 dagger of venom (weapon)
 L - a +3 long sword
 N - a +0 rapier
 P - a +1 scimitar of flaming
Missiles
 a - 4 javelins
 d - 67 stones
 s - 3 throwing nets
 C - 2 curare-tipped darts
 H - 45 poisoned darts
Armour
 c - a +2 leather armour of cold resistance
 i - the +2 robe of Ru's Wrath (worn) {Drain Fly rPois MP+9}
   (You found it on level 2 of the Dungeon)

   rPois:     It protects you from poison MP+9: It affects your magic capacity
   (+9).
   Fly:       It grants you flight.
   Drain:     It drains your maximum health when unequipped.
 m - a +0 pair of gloves (worn)
 u - a +0 pair of boots (worn)
 x - the +3 robe of Heqe {rF+ rN+ Str-4 Int+4}
   (You found it on level 7 of the Dungeon)

   Str-4:     It affects your strength (-4).
   Int+4:     It affects your intelligence (+4).
   rF+:       It protects you from fire.
   rN+:       It protects you from negative energy.
 y - a +1 helmet (worn)
 z - an orb of guile
Magical Staves
 A - a staff of poison
Jewellery
 k - an amulet of regeneration (around neck)
 o - a +6 ring of strength (left hand)
 D - a ring of protection from fire (right hand)
Wands
 G - a wand of polymorph (7)
 M - a wand of iceblast (10)
 O - a wand of flame (9)
Scrolls
 e - a scroll of brand weapon
 g - 2 scrolls of enchant armour
 h - 7 scrolls of teleportation
 j - 3 scrolls of revelation
 t - 5 scrolls of fear
 F - a scroll of amnesia
 I - 2 scrolls of vulnerability
 R - a scroll of identify
Potions
 b - 2 potions of magic
 n - 3 potions of curing
 p - 3 potions of heal wounds
 r - a potion of brilliance
 v - 2 potions of lignification {unknown}
 B - 3 potions of might
 E - a potion of haste
 K - a potion of attraction
 Q - a potion of resistance
 T - a potion of enlightenment {unknown}


   Skills:
 - Level 5.0 Fighting
 - Level 1.5 Dodging
 - Level 2.1 Stealth
 - Level 10.0 Spellcasting
 + Level 11.1 Conjurations
 - Level 1.1 Transmutations
 - Level 12.0 Earth Magic


You had 22 spell levels left.
You knew the following spells:

 Your Spells              Type           Power      Damage    Failure   Level
a - Sandblast             Erth           100%       2d20      1%          1
b - Stone Arrow           Conj/Erth      100%       3d13      1%          3
c - Brom's Barrelling Bo  Conj/Erth      73%        2d9       1%          4

Your spell library contained the following spells:

 Spells                   Type           Power      Damage    Failure   Level
 Kiss of Death            Conj/Necr      100%       2d13      1%          1
 Passwall                 Tmut/Erth      45%        N/A       1%          2
 Petrify                  Tmut/Erth      54%        N/A       4%          4
 Necrotise                Necr           60%        1d7       6%          1
 Ensorcelled Hibernation  Hex/Ice        30%        N/A       10%         2
 Confusing Touch          Hex            15%        N/A       19%         3
 Swiftness                Air            15%        N/A       19%         3
 Vampiric Draining        Necr           15%        2d7       19%         3
 Dispel Undead            Necr           15%        3d10      54%         4
 Agony                    Necr           15%        N/A       87%         5


Dungeon Overview and Level Annotations

Branches:
Dungeon (10/15)            Temple (1/1) D:7            Lair (1/5) D:8
Gauntlet (1/1)
    Orc: D:9-12

Altars:
Ashenzari
Cheibriados
Dithmenos
Elyvilon
Fedhas
Gozag
Kikubaaqudgha
Makhleb
Nemelex Xobeh
Okawaru
Qazlal
Sif Muna
Trog
Vehumet
Wu Jian
Xom
Yredelemnul
Zin
The Shining One

Annotations:
D:4 Sigmund Gauntlet 11 transporters, exclusion: oklob plant


Innate Abilities, Weirdness & Mutations

You are immune to sickness and miasma.
Your stone body is resilient. (AC +8)
You are immune to poison.
You resist negative energy. (rN+)
You are resistant to electric shocks. (rElec)
You are resistant to unholy torment.
You are immune to petrification.


Message History

Okay, then.
You enter the transporter and appear at another place.
You feel clever all of a sudden.
You feel very mighty all of a sudden.
You feel yourself speed up.
Casting: Sandblast (safe; 1% risk of failure)
Confirm with . or Enter, or press ? or * to list all spells.
Aiming: Stone Arrow (safe; 1% risk of failure)
Press: ? - help, Shift-Dir - straight line, f - hell beast
Aim: a hell beast (66% to hit)
You feel a surge of power!
The stone arrow hits the hell beast!!
The hell beast is moderately wounded.
Casting: Stone Arrow (safe; 1% risk of failure)
Confirm with . or Enter, or press ? or * to list all spells.
Aiming: Stone Arrow (safe; 1% risk of failure)
Press: ? - help, Shift-Dir - straight line, f/p - hell beast
Aim: a hell beast (moderately wounded, 66% to hit)
You feel a surge of power!
The stone arrow hits the hell beast!!
The hell beast is severely wounded.
The hell beast bites you! The hell beast tramples you.
You hold your ground!
Unknown command.
Casting: Stone Arrow (safe; 1% risk of failure)
Confirm with . or Enter, or press ? or * to list all spells.
Aiming: Stone Arrow (safe; 1% risk of failure)
Press: ? - help, Shift-Dir - straight line, f/p - hell beast
Aim: a hell beast (severely wounded, 66% to hit)
You feel a surge of power!
The stone arrow hits the hell beast!
The hell beast is almost dead.
The hell beast bites you!
The hell beast tramples you but does no damage.
Casting: Stone Arrow (safe; 1% risk of failure)
Confirm with . or Enter, or press ? or * to list all spells.
Aiming: Stone Arrow (safe; 1% risk of failure)
Press: ? - help, Shift-Dir - straight line, f/p - hell beast
Aim: a hell beast (almost dead, 66% to hit)
You feel a surge of power!
The stone arrow misses the hell beast.
The hell beast bites you!!
* * * LOW HITPOINT WARNING * * *
The hell beast tramples you!
You die...

#########################
........≈∩≈............≈###
..©.............©.......#8#
########...###########..###
......B#...#.........#..#
#...##Z#.∩.#.#.....#.#..###
.###.#.#...#..#####..#..#8#
##.##..#...#..##.##..#..###
..©....#...#...2@....#..#
##.##..#...#..##.##..#..###
.###.#.#...#..#####..#..#8#
#...##.#...#.#.....#.#..###
..©?...#...#..??©![..#..#
########...###########..###
.........§....#.©.#.....#8#
.......§≈8§§..#...#.8...###
.......§§§.§..#.©.#.....#


You could see a hell beast.

Vanquished Creatures
  3 two-headed ogres
  A centaur warrior (D:9)
  An efreet (D:9)
  A kobold demonologist (D:9)
  2 hornets
  A basilisk (Lair:1)
  11 yaks
  4 steam dragons
  An acid dragon (D:9)
  Duvessa (D:6)
  3 water moccasins
  4 orc warriors
  4 black bears
  5 ogres
  2 ice beasts (D:5)
  3 centaurs
  3 phantoms (D:5)
  6 kobold brigands
  4 bullfrogs
  A scorpion (D:6)
  10 wights
  Dowan (D:5)
  9 killer bees (D:8)
  3 howler monkeys
  6 hounds
  9 orc priests
  3 jellies
  2 gnoll boudas (D:9)
  3 sleepcaps
  5 orc wizards
  5 iguanas
  12 gnolls
  4 adders
  A white imp (D:7)
  2 ufetubi
  2 dart slugs
  18 orcs
  8 bats
  5 endoplasms
  3 giant cockroaches
  8 goblins
  5 hobgoblins
  15 jackals
  7 quokkas
  9 ball pythons
  3 frilled lizards (D:2)
  28 kobolds
  7 rats
254 creatures vanquished.

Vanquished Creatures (others)
  A butterfly (D:3)
1 creature vanquished.

Grand Total: 255 creatures vanquished

Notes
Turn   | Place    | Note
-------+----------+-------------------------------------------
     0 | D:1      | wvc the Gargoyle Earth Elementalist began the quest for the
                  | Orb.
     0 | D:1      | Reached XP level 1. HP: 10/10 MP: 3/3
   128 | D:1      | Reached skill level 4 in Earth Magic
   299 | D:1      | Reached XP level 2. HP: 12/15 MP: 1/5
   602 | D:1      | Reached XP level 3. HP: 19/19 MP: 4/7
   606 | D:1      | Learned a level 3 spell: Stone Arrow
  1365 | D:2      | Identified the +2 robe of Ru's Wrath {Drain Fly rPois MP+9}
  1772 | D:2      | Reached XP level 4. HP: 24/24 MP: 8/8
  2099 | D:3      | Noticed an ogre
  2114 | D:3      | Killed an ogre
  2115 | D:3      | Reached skill level 5 in Earth Magic
  2115 | D:3      | Reached XP level 5. HP: 22/28 MP: 11/11
  2234 | D:3      | Found a shimmering altar of Xom.
  2502 | D:3      | Found a white marble altar of Elyvilon.
  2761 | D:4      | Found a broken altar of Ashenzari.
  3260 | D:4      | Noticed Sigmund
  3376 | D:4      | Reached XP level 6. HP: 32/32 MP: 12/12
  3585 | D:5      | Entered Level 5 of the Dungeon
  3598 | D:5      | Reached skill level 6 in Earth Magic
  3710 | D:5      | Reached skill level 5 in Spellcasting
  3712 | D:5      | Reached XP level 7. HP: 31/36 MP: 14/14
  3752 | D:5      | Reached skill level 7 in Earth Magic
  4258 | D:5      | Found an ornate altar of the Wu Jian Council.
  4477 | D:5      | Reached skill level 8 in Earth Magic
  4477 | D:5      | Reached XP level 8. HP: 41/41 MP: 17/17
  4756 | D:6      | Reached skill level 9 in Earth Magic
  4979 | D:6      | Reached XP level 9. HP: 45/45 MP: 20/20
  5064 | D:6      | Identified the +1 flail "Qoaz" {freeze, rN++}
  5106 | D:6      | Noticed Dowan
  5107 | D:6      | Noticed Duvessa
  5146 | D:5      | Reached skill level 10 in Earth Magic
  5163 | D:6      | Killed Duvessa
  5167 | D:5      | Killed Dowan
  5199 | D:6      | Reached skill level 1 in Fighting
  5409 | D:7      | Found a staircase to the Ecumenical Temple.
  5429 | Temple   | Entered the Ecumenical Temple
  5607 | D:7      | Noticed a hornet
  5614 | D:7      | Killed a hornet
  6054 | D:7      | Reached skill level 10 in Spellcasting
  6054 | D:7      | Reached skill level 1 in Transmutations
  6125 | D:7      | Identified the +3 robe of Heqe {rF+ rN+ Str-4 Int+4}
  6290 | D:8      | Reached skill level 1 in Conjurations
  6370 | D:8      | Noticed a two-headed ogre
  6376 | D:8      | Killed a two-headed ogre
  6377 | D:8      | Reached XP level 10. HP: 56/56 MP: 20/24
  6643 | D:8      | Found a blossoming altar of Fedhas.
  6887 | D:8      | Reached skill level 5 in Conjurations
  7161 | D:8      | Found a glowing silver altar of Zin.
  7597 | D:8      | Found a staircase to the Lair.
  7727 | D:9      | Noticed a kobold demonologist
  7732 | D:9      | Killed a kobold demonologist
  7745 | D:10     | Entered Level 10 of the Dungeon
  8002 | D:9      | Found a sparkling altar of Nemelex Xobeh.
  8137 | D:9      | Found a glowing golden altar of the Shining One.
  8139 | D:9      | Noticed a two-headed ogre
  8141 | D:9      | Found a stormy altar of Qazlal.
  8154 | D:9      | Killed a two-headed ogre
  8155 | D:9      | Reached XP level 11. HP: 62/62 MP: 24/25
  8263 | D:9      | Found a snail-covered altar of Cheibriados.
  8283 | D:9      | Reached skill level 10 in Conjurations
  8313 | D:9      | Reached skill level 5 in Fighting
  8643 | D:9      | Noticed a two-headed ogre
  8655 | D:9      | Killed a two-headed ogre
  9086 | D:10     | Found a basalt altar of Yredelemnul.
  9107 | D:10     | Reached skill level 11 in Earth Magic
  9303 | D:10     | Found a shimmering blue altar of Sif Muna.
  9394 | D:10     | Noticed a centaur warrior
  9395 | D:10     | Noticed a cyclops
  9668 | D:9      | Killed a centaur warrior
  9746 | D:9      | Learned a level 4 spell: Brom's Barrelling Boulder
  9794 | D:10     | Found a radiant altar of Vehumet.
  9925 | D:10     | Became a worshipper of Vehumet
 10029 | Lair:1   | Entered Level 1 of the Lair of Beasts
 10073 | Lair:1   | Reached skill level 12 in Earth Magic
 10074 | Lair:1   | Found a gate leading to a gauntlet.
 10077 | Lair:1   | Found the amulet of Elemental Vulnerability {rPois rF--
                  | rC-- AC+8}
 10081 | Gauntlet | Entered a Gauntlet
 10081 | Gauntlet | Noticed a death scarab
 10081 | Gauntlet | Found a transporter.
 10081 | Gauntlet | Found a transporter.
 10081 | Gauntlet | Found a transporter.
 10083 | Gauntlet | Noticed a hell beast
 10095 | Gauntlet | Found a transporter.
 10098 | Gauntlet | Found a transporter.
 10100 | Gauntlet | Noticed a blizzard demon
 10108 | Gauntlet | Found a transporter.
 10176 | Gauntlet | Found a transporter.
 10186 | Gauntlet | Found a transporter.
 10201 | Gauntlet | Found a transporter.
 10209 | Gauntlet | Noticed a wizard
 10211 | Gauntlet | Found a transporter.
 10226 | Gauntlet | Found a transporter.
 10232 | Gauntlet | Found a transporter.
 10232 | Gauntlet | Noticed an oklob plant
 10468 | Gauntlet | Slain by a hell beast

Illustrated notes

Levels and vault maps discovered:
D:1:      noname_arrival_rooms_in_the_neighbourhood, layout_loops_corners
D:2:      layout_basic, minmay_quantized
D:3:      layout_basic, xom_butterflies, nicolae_elyvilon_peaceful_grove,
          minmay_cut_off
D:4:      layout_gridville, nicolae_ashenzari_panopticon,
          lightli_corner_chamber, uniq_sigmund
D:5:      layout_rooms, mainiacjoe_overflow_chevrons, nrook_mini_backslash,
          grunt_ministairs_11
D:6:      layout_cave_pools, uniq_duvessa
D:7:      layout_basic, minmay_temple_entry_waves
D:8:      layout_loops_cross, fedhas_altar_2, amcnicky_altar_gilded,
          grunt_lair_entry_orc_guard_hut, serial_co_window_serial,
          co_window_paths_b, co_window_corner_a, co_window_of_opportunity_a,
          co_window_paths_a, co_window_of_opportunity_a, co_window_corner_a,
          co_window_of_opportunity_b, co_window_corner_ca, co_window_corner_cb,
          co_window_corner_cb, co_window_4corner_a, glass_columns_c,
          glass_columns_c, glass_columns_b, glass_columns_c, glass_columns_a,
          grunt_ministairs_6
D:9:      layout_loops_cross, nemelex_spade_bored_becter,
          mainiacjoe_overflow_paths, mainiacjoe_overflow_catwalk_spiral,
          minmay_bent
D:10:     layout_long_grid, nicolae_overflow_crystal_walls,
          chequers_temple_overflow_minitemple, led_sif_pool,
          nicolae_vehumet_altar_sigil
Temple:   nicolae_temple_ecumenical_triangle
Lair:1:   layout_small_grid, gauntlet_entry_generic,
          ebering_ghost_reflecting_pool, basic_altar, amcnicky_mini_pool_medium
Gauntlet: gammafunk_gauntlet_shortcut [nicolae_gauntlet_arena_blocks,
          gammafunk_gauntlet_arena_spirals, gammafunk_gauntlet_arena_corners,
          gammafunk_gauntlet_arena_hedges, nicolae_gauntlet_arena_x,
          nicolae_gauntlet_arena_t_cross, gauntlet_exit_green]

Skill      XL: |  1  2  3  4  5  6  7  8  9 10 11 |
---------------+----------------------------------+-----
Earth Magic    | 4 5 6 8 9 10 12 | 12.0
Spellcasting   | 3 4 5 6 7 10 | 10.0
Fighting       | 3 4 5 |  5.0
Transmutations | 1 |  1.1
Conjurations   | 4 9 11 | 11.1
Dodging        | |  1.5
Stealth        | |  2.1

Action                     |  1- 3 |  4- 6 |  7- 9 | 10-12 || total
---------------------------+-------+-------+-------+-------++-------
  Melee: Short sword       |    18 |       |       |       ||    18
         Dagger            |       |       |       |     1 ||     1
  Throw: Javelin           |       |       |     4 |       ||     4
   Cast: Sandblast         |    55 |    85 |   122 |   109 ||   371
         Stone Arrow       |       |       |    16 |    78 ||    94
    Use: Scroll            |       |     6 |     5 |     7 ||    18
         Potion            |       |       |     1 |     3 ||     4
 Armour: Robe              |    19 |    25 |    53 |   120 ||   217
         Skin              |       |       |       |     1 ||     1
  Dodge: Dodged            |    29 |    15 |    49 |    77 ||   170

Table legend: (Time is in decaauts)
 A = Elapsed time spent in this place.
 B = Non-inter-level travel time spent in this place.
 C = Inter-level travel time spent in this place.
 D = Time resting spent in this place.
 E = Time spent auto-exploring this place.
 F = Levels seen in this place.
 G = Mean time per level.
                   A        B        C        D        E       F      G
               +--------+--------+--------+--------+--------+-----+--------+
         Total |  10664 |  10333 |    331 |    992 |   7143 |  13 |  820.3 |
       Dungeon |  10222 |   9904 |    318 |    992 |   6973 |  10 | 1022.2 |
        Temple |      1 |      1 |      0 |      0 |      0 |   1 |    1.0 |
          Lair |     54 |     41 |     13 |      0 |      0 |   1 |   54.0 |
      Gauntlet |    385 |    385 |      0 |      0 |    170 |   1 |  385.0 |
               +--------+--------+--------+--------+--------+-----+--------+

Top non-repeatable levels by time:
     D:8: 1633 daAuts
     D:1: 1265 daAuts
     D:9: 1235 daAuts
     D:5: 1159 daAuts
    D:10: 945 daAuts
     D:7: 898 daAuts
     D:4: 878 daAuts
     D:2: 847 daAuts
     D:6: 705 daAuts
     D:3: 652 daAuts
Gauntlet: 385 daAuts
  Lair:1: 54 daAuts
  Temple: 1 daAuts
